[Event "Eurasia Open Cup 2018"]
[Site "Jekaterienburg"]
[Date "2018.08.01"]
[Round "1"]
[White "Timofeev, Artyom"]
[Black "Ponomarev, Grigori"]
[Result "1-0"]
[ECO "D48"]
[WhiteElo "2590"]
[BlackElo "2135"]
[Annotator "ChessBase"]
[PlyCount "79"]
[EventDate "2018.08.01"]
[EventType "swiss"]
[EventCountry "RUS"]
[SourceTitle "playchess.com"]
[Source "ChessBase"]
[SourceQuality "1"]
[TimeControl "5400+30"]

1. d4 Nf6 2. c4 c6 3. Nc3 d5 4. Nf3 e6 5. e3 Nbd7 6. Bd3 dxc4 7. Bxc4 b5 8. Bd3 Bb7 9. O-O a6 10. e4 c5 11. d5 Qc7 12. dxe6 fxe6 13. Ne2 c4 14. Bc2 O-O-O 15. Ned4 Nc5 16. e5 Nfd7 17. Qe2 Bd5 18. Bg5 Re8 19. b4 Nd3 20. a4 N3xe5 21. axb5 Nxf3+ 22. Nxf3 axb5 23. Be4 Bxb4 24. Bxd5 exd5 25. Ra8+ Nb8 26. Qb2 Qd6 27. Bf4 Qxf4 28. Qxb4 Qc7 29. Nd4 Qb6 30. Nxb5 Re6 31. Ra7 Rd8 32. Rxg7 Na6 33. Qb1 Rde8 34. Rxh7 Nc5 35. Ra7 Kb8 36. Rf7 Nb3 37. Nc7 Nd2 38. Qa2 Qb7 39. Qxd2 Rc8 40. Nxe6 1-0

[Event "Eurasia Open Cup 2018"]
[Site "Jekaterienburg"]
[Date "2018.08.01"]
[Round "1"]
[White "Tsydypov, Zhamsaran"]
[Black "Tyurin, Ilya"]
[Result "1-0"]
[ECO "B12"]
[WhiteElo "2514"]
[BlackElo "2168"]
[Annotator "RC"]
[PlyCount "37"]
[EventDate "2018.08.01"]
[EventType "swiss"]
[EventCountry "RUS"]
[SourceTitle "playchess.com"]
[Source "ChessBase"]
[SourceQuality "1"]
[TimeControl "5400+30"]

1. e4 c6 2. d4 d5 3. e5 Bf5 4. h4 a6 5. g4 Bd7 6. Nc3 e6 7. Be3 Qc7 8. Nf3 c5 9. dxc5 Bxc5 10. Bxc5 Qxc5 11. Qd2 Nc6 12. O-O-O O-O-O 13. Bd3 Nge7 14. g5 Nd4 15. Qe3 Nec6 16. Bf1 Nb3+ 17. axb3 Qa5 18. Na4 b5 19. Qb6 1-0

[Event "Eurasia Open Cup 2018"]
[Site "Jekaterienburg"]
[Date "2018.08.01"]
[Round "1"]
[White "Badmatsyrenov, Oleg"]
[Black "Khubukshanov, Erdem"]
[Result "1/2-1/2"]
[ECO "B33"]
[WhiteElo "2454"]
[BlackElo "2031"]
[Annotator "ChessBase"]
[PlyCount "36"]
[EventDate "2018.08.01"]
[EventType "swiss"]
[EventCountry "RUS"]
[SourceTitle "playchess.com"]
[Source "ChessBase"]
[SourceQuality "1"]
[TimeControl "5400+30"]

1. e4 c5 2. Nf3 e6 3. d4 cxd4 4. Nxd4 Nf6 5. Nc3 Nc6 6. Ndb5 d6 7. Bf4 e5 8. Bg5 a6 9. Na3 Be6 10. Nc4 Rb8 11. Ne3 Be7 12. h4 O-O 13. g3 Nd4 14. Bg2 Qb6 15. Rb1 Qc5 16. O-O b5 17. Rc1 b4 18. Bxf6 bxc3 1/2-1/2

[Event "Eurasia Open Cup 2018"]
[Site "Jekaterienburg"]
[Date "2018.08.01"]
[Round "1"]
[White "Zhukov, Ivan"]
[Black "Khanin, Semen"]
[Result "1/2-1/2"]
[ECO "C54"]
[WhiteElo "2061"]
[BlackElo "2494"]
[Annotator "ChessBase"]
[PlyCount "271"]
[EventDate "2018.08.01"]
[EventType "swiss"]
[EventCountry "RUS"]
[SourceTitle "playchess.com"]
[Source "ChessBase"]
[SourceQuality "1"]
[TimeControl "5400+30"]

1. e4 e5 2. Nf3 Nc6 3. Bc4 Bc5 4. c3 Nf6 5. d3 a6 6. O-O d6 7. Bb3 Ba7 8. Nbd2 O-O 9. Re1 h6 10. Nf1 Re8 11. Ng3 Be6 12. Bc2 d5 13. h3 Qd6 14. Nh4 dxe4 15. dxe4 Qxd1 16. Rxd1 Rad8 17. Re1 Ne7 18. a4 Rd7 19. a5 Red8 20. Nf3 Ng6 21. Nf5 Bc4 22. Be3 Bxe3 23. Rxe3 Bd3 24. Bxd3 Rxd3 25. Rxd3 Rxd3 26. Ng3 Nd7 27. Ra4 Nf4 28. Kh2 Rd1 29. Rb4 b5 30. axb6 cxb6 31. Ra4 a5 32. b4 axb4 33. cxb4 Nd3 34. Ra8+ Kh7 35. Re8 Nxf2 36. Nxe5 Nxe5 37. Rxe5 g6 38. Re7 Kg7 39. e5 Re1 40. Rb7 h5 41. h4 Ng4+ 42. Kh3 Rxe5 43. Rxb6 Re3 44. Rb7 Kf6 45. Rb8 Rb3 46. Re8 Nf2+ 47. Kh2 Ng4+ 48. Kh3 Rxb4 49. Ne2 Nf2+ 50. Kg3 Ne4+ 51. Kh3 Nd6 52. Ra8 Re4 53. Ng1 Nf5 54. Nf3 Re2 55. Ra6+ Kg7 56. Ra7 Ne3 57. Ng5 Rf2 58. Kg3 Rf1 59. Kh2 Ng4+ 60. Kh3 Rh1+ 61. Kg3 Nh6 62. Rb7 Kf6 63. Rb6+ Kg7 64. Rb7 Rf1 65. Kh3 Re1 66. g3 Re2 67. g4 Re3+ 68. Kg2 hxg4 69. Ra7 Kf6 70. Rb7 Re7 71. Nh7+ Ke6 72. Ng5+ Kd6 73. Rb6+ Ke5 74. Rb5+ Kf6 75. Rb6+ Kg7 76. Kg3 Rd7 77. Rb3 Kf6 78. Rb6+ Kg7 79. Rb3 Rd4 80. Rb7 Nf5+ 81. Kf2 Rf4+ 82. Kg1 Nd4 83. Kg2 Kf8 84. Rb8+ Kg7 85. Rb7 Rf5 86. Kg3 Nc6 87. Kxg4 Ne5+ 88. Kg3 Rf1 89. Ra7 Kf6 90. Ra6+ Kf5 91. Nh7 Rf3+ 92. Kg2 Kg4 93. Ra4+ Kh5 94. Ra5 Rf5 95. Kg3 Kh6 96. Ng5 Kg7 97. Kg2 Kf6 98. Ra6+ Ke7 99. Ra5 Ng4 100. Rxf5 Ne3+ 101. Kf3 Nxf5 102. Kg4 Ng7 103. Nh3 f6 104. Nf4 Kf7 105. Nd3 Ne6 106. Kf3 Kg7 107. Nb4 Kf7 108. Nd5 Ng7 109. Kg4 Nh5 110. Nc7 Ke7 111. Nb5 Ke6 112. Nd4+ Kd5 113. Nf3 Ke4 114. Nd2+ Kd3 115. Nb3 Ke3 116. Na5 Kd4 117. Nb3+ Ke4 118. Nd2+ Ke3 119. Nc4+ Kf2 120. Nd6 Ke2 121. Nc4 Ng7 122. Nd6 Nh5 123. Nc4 Kf2 124. Nd6 Kg2 125. Nc4 Ng7 126. Nd6 Kh2 127. Nc4 Ne6 128. Nd6 Ng7 129. Nc4 Kg1 130. Ne3 Ne6 131. h5 gxh5+ 132. Kxh5 Nf4+ 133. Kg4 Ng2 134. Nxg2 Kxg2 135. Kf5 Kf3 136. Kxf6 1/2-1/2

[Event "Eurasia Open Cup 2018"]
[Site "Jekaterienburg"]
[Date "2018.08.01"]
[Round "1"]
[White "Pogorelskikh, Sofia"]
[Black "Gutenev, Alexander"]
[Result "1-0"]
[ECO "B67"]
[WhiteElo "2050"]
[BlackElo "2470"]
[Annotator "RC"]
[PlyCount "143"]
[EventDate "2018.08.01"]
[EventType "swiss"]
[EventCountry "RUS"]
[SourceTitle "playchess.com"]
[Source "ChessBase"]
[SourceQuality "1"]
[TimeControl "5400+30"]

1. e4 c5 2. Nf3 Nc6 3. d4 cxd4 4. Nxd4 d6 5. Nc3 Nf6 6. Bg5 e6 7. Qd2 a6 8. O-O-O Bd7 9. f3 Be7 10. h4 h6 11. Be3 h5 12. f4 b5 13. a3 b4 14. Nxc6 Bxc6 15. axb4 Qb8 16. Qd4 Qb7 17. Be2 Rb8 18. Bf3 O-O 19. Rhe1 Rfd8 20. f5 e5 21. Qc4 a5 22. b5 Bxb5 23. Nxb5 Qxb5 24. Qxb5 Rxb5 25. Bg5 a4 26. Re2 Kf8 27. g3 g6 28. fxg6 fxg6 29. c3 Kf7 30. Rf2 Ke6 31. Rdf1 Nd7 32. Bxe7 Kxe7 33. Be2 Rc5 34. Rf7+ Ke8 35. Rg7 a3 36. Rxg6 Rb8 37. Rg8+ Ke7 38. Rxb8 Nxb8 39. Bxh5 Nc6 40. Rf7+ Ke6 41. Rf1 Nd4 42. Kb1 Nb5 43. c4 Nd4 44. bxa3 Rc7 45. Rf2 Nb3 46. Bd1 Nc5 47. Bc2 Rg7 48. Rf3 Kd7 49. Kc1 Ne6 50. Kd2 Nd4 51. Rc3 Kc6 52. Bd1 Rf7 53. g4 Rf2+ 54. Ke3 Rh2 55. h5 Ne6 56. Ba4+ Kc5 57. Bd7 Ng5 58. Bf5 Rh3+ 59. Kd2 Rh2+ 60. Kd3 Nf3 61. Rc1 Rh3 62. g5 Rg3 63. g6 Nd4+ 64. Kd2 Nb3+ 65. Kc2 Nd4+ 66. Kb2 Rg2+ 67. Kb1 Nf3 68. Rc2 Rg1+ 69. Kb2 Nh4 70. h6 Nxg6 71. Bxg6 Rxg6 72. Rh2 1-0